 Dungeon Crawl Stone Soup version 0.30-a0-879-ga8ba668304 (webtiles) character file.

Game seed: 11110730897720077995

217 Ghostmaker01 the Covered (level 5, 0/42 HPs)
             Began as a Demonspawn Fighter on Mar 13, 2023.
             Slain by a gnoll
             ... wielding a +0 halberd
             ... led by a gnoll bouda
              (2 damage)
             ... on level 4 of the Dungeon.
             The game lasted 00:02:30 (2711 turns).

Ghostmaker01 the Covered (Demonspawn Fighter)       Turns: 2711, Time: 00:02:31

Health: 0/42       AC:  7    Str: 18    XL:     5   Next: 61%
Magic:  5/5        EV:  9    Int:  9    God:
Gold:   291        SH:  4    Dex: 13    Spells: 4/4 levels left

rFire   . . .      SeeInvis .    a - +0 war axe
rCold   . . .      Faith    .    c - +0 buckler
rNeg    . . .      Spirit   .    b - +0 scale mail
rPois   .          Reflect  .    (no helmet)
rElec   .          Rampage  .    (no cloak)
rCorr   .                        (no gloves)
Will    .....                    (no boots) Stlth
                                 (no amulet)
HPRegen 0.27/turn                (no ring)
MPRegen 0.09/turn                (no ring)

@: weakened
A: powered by death 1, weakness stinger 1
a: no special abilities


You were on level 4 of the Dungeon.
You visited 1 branch of the dungeon, and saw 4 of its levels.

You collected 291 gold pieces.

Inventory:

Hand Weapons
 a - a +0 war axe (weapon)
Armour
 b - a +0 scale mail (worn)
 c - a +0 buckler (worn)
Jewellery
 e - an amulet of magic regeneration
Wands
 o - a wand of flame (6)
Scrolls
 g - 2 scrolls of torment {unknown}
 h - a scroll of fear {unknown}
 j - 3 scrolls of teleportation {unknown}
 k - a scroll of enchant armour {unknown}
 n - a scroll of blinking {unknown}
 p - a scroll of silence {unknown}
 q - a scroll of identify {unknown}
Potions
 d - a potion of might
 f - a potion of degeneration {unknown}
 i - 2 potions of lignification {unknown}
 l - 4 potions of heal wounds {unknown}
 m - a potion of attraction {unknown}


   Skills:
 + Level 3.6 Fighting
 + Level 3.5 Axes
 + Level 3.8 Armour
 + Level 1.0 Dodging
 + Level 3.2 Shields


You had 4 spell levels left.
You didn't know any spells.
Your spell library contained the following spells:

 Spells                   Type           Power      Damage    Failure   Level
 Lesser Beckoning         Tloc           0%         N/A       94%         2
 Gell's Gravitas          Tloc           0%         N/A       99%         3
 Ozocubu's Armour         Ice            0%         N/A       99%         3
 Teleport Other           Tloc           0%         N/A       99%         3
 Ozocubu's Refrigeration  Ice            0%         4d7       100%        7


Dungeon Overview and Level Annotations

Branches:
Dungeon (4/15)             Temple (0/1) D:4

Altars:
Nemelex Xobeh


Innate Abilities, Weirdness & Mutations

You regenerate a little health from kills.
You have a small tail.


Message History

The gnoll is severely wounded.
You closely miss the gnoll bouda.
The gnoll bouda calls upon its god to heal the gnoll.
The gnoll is healed somewhat.
The gnoll hits you but does no damage. The gnoll closely misses you.
The gnoll bouda hits you with a +0 club.
The gnoll hits you with a +0 spear.
You closely miss the gnoll.
The gnoll is moderately wounded.
You closely miss the gnoll bouda. The gnoll barely misses you.
The gnoll closely misses you.
You slash the gnoll!
You kill the gnoll!
You closely miss the gnoll bouda. You hit the gnoll but do no damage.
The gnoll hits you with a +0 whip.
The gnoll bouda hits you with a +0 club!
The gnoll hits you from afar with a +0 halberd!
* * * LOW HITPOINT WARNING * * *
The gnoll hits you with a +0 whip.
* * * LOW HITPOINT WARNING * * *
You are too injured to fight recklessly!
Aiming: Throw Flame
Press: ? - help, Shift-Dir - straight line, f - gnoll bouda
Aim: a gnoll bouda, wielding a +0 club and wearing a +0 robe (72% to hit)
The puff of flame misses the gnoll bouda.
The gnoll bouda gazes fiercely through you!
You feel your attacks grow feeble. The gnoll bouda barely misses you.
The gnoll hits you but does no damage. The gnoll barely misses you.
You closely miss the gnoll bouda. You closely miss the gnoll.
The gnoll bouda barely misses you. The gnoll hits you but does no damage.
You block the gnoll's attack.
The gnoll bouda gazes fiercely through you!
You feel as though you will be weak longer.
The gnoll bouda hits you with a +0 club.
* * * LOW HITPOINT WARNING * * *
You hit the gnoll bouda but do no damage.
You hit the gnoll but do no damage.
The gnoll hits you from afar with a +0 halberd.
You die...

###........#.......
##..........#.........
#......................
........................
........................
............)†..........
..............).#....#..
................#g......
................@)g#
.8............[.g#.#
.>.....<...........#
.8.............?...#
...................#
##.................#
#.##.....##.......# ..
......##.......# .
.......# ...


You could see a gnoll bouda and 2 gnolls.

Vanquished Creatures
  An orc wizard (D:3)
  2 gnolls (D:4)
  11 adders
  A dart slug (D:1)
  5 orcs
  5 bats
  5 endoplasms
  3 giant cockroaches
  3 goblins
  5 hobgoblins
  7 jackals
  2 quokkas
  4 ball pythons
  4 frilled lizards
  8 kobolds
  2 rats
68 creatures vanquished.

Notes
Turn   | Place    | Note
-------+----------+-------------------------------------------
     0 | D:1      | Ghostmaker01 the Demonspawn Fighter began the quest for the
                  | Orb.
     0 | D:1      | Reached XP level 1. HP: 18/18 MP: 1/1
   184 | D:1      | Gained mutation: You regenerate a little health from kills.
                  | [demonic ancestry]
   184 | D:1      | Reached XP level 2. HP: 24/24 MP: 2/2
   896 | D:2      | Reached XP level 3. HP: 26/29 MP: 3/3
  1351 | D:2      | Gained mutation: You have a small tail. [demonic ancestry]
  1351 | D:2      | Reached XP level 4. HP: 30/35 MP: 4/4
  1609 | D:2      | Found a faded altar of an unknown god.
  1670 | D:2      | Reached skill level 1 in Dodging
  1999 | D:3      | Reached XP level 5. HP: 30/41 MP: 5/5
  2050 | D:3      | Found a sparkling altar of Nemelex Xobeh.
  2659 | D:4      | Found a staircase to the Ecumenical Temple.
  2708 | D:4      | HP: 2/42 [gnoll/+0 whip[a gnoll bouda] (3)]
  2711 | D:4      | Slain by a gnoll

Illustrated notes

Levels and vault maps discovered:
D:1:      sevenhm_arrival_forest_fort_large_4, layout_basic
D:2:      layout_basic, shapermc_ecumenical_altar_ellora,
          kennysheep_generic_room_5
D:3:      layout_basic, mainiacjoe_overflow_catwalk, minmay_starry_boxes
D:4:      layout_basic, led_sif_book, temple_statues,
          nicolae_ossuary_entry_ruins, kennysheep_decorative_pillar, uniq_ijyb,
          uniq_duvessa

Skill      XL: |  1  2  3  4 |
---------------+-------------+-----
Axes           | 2 3 |  3.5
Shields        | 3 |  3.2
Armour         | 3 |  3.8
Dodging        | 1 |  1.0
Fighting       | |  3.6

Action                     |  1- 3 |  4- 6 || total
---------------------------+-------+-------++-------
  Melee: War axe           |    79 |   118 ||   197
         Tailslap          |       |     5 ||     5
  Evoke: Wand              |       |     1 ||     1
 Armour: Scale mail        |    43 |    50 ||    93
  Dodge: Dodged            |    29 |    59 ||    88
  Block: Buckler           |    18 |    36 ||    54

Table legend: (Time is in decaauts)
 A = Elapsed time spent in this place.
 B = Non-inter-level travel time spent in this place.
 C = Inter-level travel time spent in this place.
 D = Time resting spent in this place.
 E = Time spent auto-exploring this place.
 F = Levels seen in this place.
 G = Mean time per level.
                   A        B        C        D        E       F      G
               +--------+--------+--------+--------+--------+-----+--------+
         Total |   2789 |   2640 |    149 |      0 |   2188 |   4 |  697.2 |
       Dungeon |   2789 |   2640 |    149 |      0 |   2188 |   4 |  697.2 |
               +--------+--------+--------+--------+--------+-----+--------+

Top non-repeatable levels by time:
     D:2: 1010 daAuts
     D:1: 899 daAuts
     D:3: 820 daAuts
     D:4: 59 daAuts
